Map: Dusk Towers

Players

LiquidSnute (Snute) - Winner!

  • Race: Zerg Zerg
  • League: Grandmaster

FireCake

  • Race: Zerg Zerg
  • League: Grandmaster

Event: Homestory Cup XII

VOD

Have the link to the VOD?

Description

Time

  • Played on: Dec. 20, 2015, 3:12 p.m.
  • Length: 19:34

All games in this series

Show
View Real Time Build Order
Export as new Build Order

LiquidSnute Zerg - Winner!

Build Orders: Hatch First 

Get SALT Encoding   

  12  0:00  Drone  
  13  0:12  Overlord  
  13  0:17  Drone  
  14  0:30  Drone x2  
  14  0:34  Drone  
  17  0:51  Hatchery  
  17  0:53  Drone  
  17  0:56  Drone  
  18  1:10  Spawning Pool  
  17  1:14  Extractor  
  17  1:15  Drone  
  17  1:18  Drone  
  18  1:29  Drone  
  19  1:39  Drone  
  20  1:49  Overlord  
  20  1:57  Queen  
  22  2:03  Drone  
  22  2:04  Zergling x2  
  22  2:06  Queen  
  26  2:10  Drone  
  26  2:15  Drone  
  28  2:16  Metabolic Boost  
  28  2:21  Drone  
  29  2:25  Drone  
  30  2:31  Overlord  
  30  2:36  Baneling Nest, Drone  
  30  2:43  Zergling x2  
  31  2:46  Drone  
  32  2:53  Drone  
  32  2:58  Drone  
  34  3:06  Drone  
  34  3:07  Drone x2  
  34  3:08  Drone  
  38  3:14  Hatchery  
  38  3:15  Drone x2  
  38  3:16  Drone  
  40  3:22  Roach Warren  
  40  3:23  Overlord  
  40  3:26  Drone  
  40  3:30  Drone  
  40  3:32  Drone  
  41  3:38  Drone  
  41  3:39  Drone x2  
  44  3:42  Overlord, Baneling x2  
  44  3:44  Extractor  
  43  3:49  Evolution Chamber  
  43  3:50  Lair  
  43  3:54  Queen  
  44  4:00  Drone x3  
  47  4:03  Drone x2  
  47  4:05  Zergling x2  
  50  4:11  Drone  
  50  4:14  Drone x4  
  55  4:17  Zerg Missile Weapons Level 1  
  55  4:21  Drone  
  56  4:24  Drone  
  56  4:25  Drone  
  56  4:26  Drone  
  56  4:27  Extractor  
  56  4:28  Drone  
  56  4:29  Drone x2  
  61  4:34  Extractor  
  61  4:35  Overlord  
  61  4:36  Drone  
  61  4:38  Drone  
  62  4:46  Drone  
  62  4:47  Drone x3  
  65  4:52  Glial Reconstitution  
  65  4:55  Roach  
  65  4:57  Roach  
  69  5:06  Roach x2  
  69  5:07  Overlord  
  72  5:12  Overlord  
  72  5:16  Overlord  
  72  5:18  Drone x2  
  72  5:19  Overlord  
  72  5:20  Extractor  
  72  5:21  Drone x2, Extractor  
  74  5:23  Overseer  
  74  5:26  Drone x4  
  74  5:27  Drone x2  
  80  5:30  Drone  
  80  5:33  Drone, Infestation Pit  
  81  5:37  Queen  
  81  5:38  Queen x2  
  81  5:39  Overlord  
  87  5:47  Overlord  
  87  5:48  Roach x6  
  99  6:01  Nydus Network, Roach x5  
  99  6:02  Roach  
  110  6:05  Overlord  
  110  6:09  Roach x2  
  114  6:11  Zerg Missile Weapons Level 2  
  114  6:15  Overlord x2  
  114  6:21  Overlord x2  
  114  6:27  Ravager  
  114  6:28  Ravager x4  
  114  6:30  Roach  
  114  6:31  Overlord  
  121  6:37  Overlord  
  121  6:40  Roach x2  
  121  6:41  Roach x3  
  121  6:44  Hive  
  121  6:46  Queen  
  133  6:52  Overlord x2  
  133  6:54  Infestor  
  133  7:00  Overlord  
  135  7:05  Roach x5  
  145  7:10  Overlord x2  
  145  7:13  Hydralisk Den  
  144  7:15  Spore Crawler  
  144  7:19  Drone x2  
  144  7:20  Drone  
  146  7:42  Hydralisk  
  146  7:43  Hydralisk x8, Muscular Augments  
  164  7:57  Viper  
  167  8:01  Hatchery  
  166  8:10  Overlord x2  
  166  8:14  Roach  
  166  8:15  Roach x6  
  166  8:16  Overseer  
  166  8:17  Pneumatized Carapace  
  180  8:22  Overlord  
  180  8:29  Spore Crawler  
  180  8:31  Roach x6  
  191  8:40  Spore Crawler  
  190  8:44  Roach  
  190  8:45  Roach x2  
  190  8:46  Extractor  
  190  8:47  Zerg Missile Weapons Level 3  
  195  8:51  Extractor  
  195  8:53  Roach x3  
  160  9:39  Roach x5  
  160  9:40  Roach x7  
  148  9:57  Roach x3  
  148  9:58  Roach x2  
  145  10:03  Viper x3  
  145  10:06  Roach  
  139  10:12  Overseer  
  139  10:13  Hydralisk x3  
  127  10:27  Hydralisk x5  
  133  10:35  Hydralisk x3, Queen x3  
  137  10:42  Hydralisk x4  
  137  10:46  Roach x2, Queen  
  141  10:54  Roach x2  
  125  10:59  Roach x2  
  125  11:01  Roach x2  
  133  11:05  Roach  
  133  11:10  Queen  
  137  11:16  Roach x2  
  137  11:17  Roach x3  
  146  11:20  Roach x3  
  146  11:24  Zerg Ground Armor Level 1  
  146  11:25  Roach  
  154  11:28  Overseer x2  
  151  11:41  Roach x3  
  151  11:42  Roach x7  
  171  11:48  Drone x5  
  176  11:58  Roach x6  
  176  11:59  Extractor  
  187  12:03  Roach x2  
  187  12:04  Hydralisk x3  
  197  12:13  Overseer  
  197  12:56  Roach x5  
  200  13:02  Roach  
  200  13:03  Roach x3  
  196  13:08  Drone  
  196  13:09  Drone x5  
  200  13:18  Hatchery  
  199  13:20  Zerg Ground Armor Level 2  
  183  14:05  Roach  
  183  14:06  Roach x7  
  199  14:25  Overseer  
  199  15:36  Nydus Canal  
  187  16:38  Nydus Canal  
  187  16:39  Roach  
  163  16:40  Roach x19  
  181  17:01  Spore Crawler  
  180  17:09  Hatchery  
  180  17:10  Zerg Melee Weapons Level 1  
  180  17:12  Evolution Chamber  
  180  17:14  Ultralisk Cavern  
  177  17:28  Nydus Canal  
  177  17:43  Burrow, Tunneling Claws  
  177  17:45  Overseer  
  159  18:18  Nydus Canal  
  151  18:54  Spore Crawler  
  139  19:10  Roach x13  
Show
View Real Time Build Order
Export as new Build Order

FireCake Zerg 

Build Orders: Hatch First, Lurkers 

Get SALT Encoding   

  12  0:01  Drone  
  13  0:09  Drone  
  14  0:16  Overlord  
  14  0:23  Drone, Extractor  
  15  0:34  Drone x2  
  17  0:52  Hatchery  
  17  0:54  Drone  
  17  0:57  Drone  
  18  1:08  Extractor  
  17  1:11  Spawning Pool  
  17  1:15  Drone  
  17  1:18  Drone  
  18  1:26  Drone  
  19  1:37  Overlord  
  19  1:50  Drone  
  20  1:58  Queen  
  20  2:00  Drone  
  23  2:04  Queen  
  23  2:06  Drone  
  23  2:08  Metabolic Boost  
  26  2:09  Drone  
  26  2:15  Drone  
  28  2:20  Drone  
  29  2:28  Baneling Nest  
  28  2:30  Zergling x2  
  28  2:35  Drone  
  30  2:38  Drone  
  31  2:44  Overlord  
  31  2:47  Zergling x2  
  32  3:02  Drone x2  
  34  3:06  Drone  
  34  3:11  Drone  
  34  3:12  Drone x6  
  42  3:14  Baneling x2  
  42  3:17  Hatchery  
  41  3:22  Overlord  
  41  3:25  Zergling x2  
  42  3:29  Evolution Chamber  
  42  3:31  Extractor  
  40  3:41  Drone x2  
  42  3:43  Queen  
  42  3:46  Drone x4  
  48  3:50  Lair  
  48  3:51  Overlord  
  48  3:56  Drone x2  
  49  4:04  Extractor  
  49  4:07  Extractor  
  47  4:12  Drone x2  
  47  4:13  Drone x4  
  47  4:16  Zergling x2  
  55  4:17  Zergling x2  
  55  4:27  Overlord x2  
  55  4:33  Drone x4  
  55  4:37  Spine Crawler  
  58  4:50  Drone, Spire  
  58  4:51  Drone  
  58  4:52  Drone x9  
  67  4:55  Extractor  
  67  4:56  Extractor  
  65  5:00  Overlord  
  63  5:14  Overlord  
  63  5:17  Drone x3  
  66  5:22  Zergling x8  
  69  5:28  Spine Crawler  
  69  5:29  Spine Crawler  
  69  5:30  Spine Crawler  
  69  5:35  Zergling x10  
  71  5:38  Overlord  
  71  5:40  Overlord  
  71  5:54  Drone  
  71  5:55  Drone  
  73  6:02  Mutalisk x10  
  93  6:06  Zerg Flyer Weapons Level 1  
  93  6:10  Zerg Missile Weapons Level 1  
  93  6:16  Overlord  
  93  6:24  Drone x8  
  101  6:30  Hydralisk Den  
  100  6:33  Drone  
  100  6:34  Drone x6  
  100  6:35  Drone  
  108  6:40  Overlord  
  108  6:41  Overlord  
  108  6:43  Drone x2  
  110  6:52  Baneling x3  
  110  7:04  Lurker Den  
  110  7:06  Hydralisk x5  
  110  7:07  Spine Crawler  
  110  7:08  Spine Crawler x2  
  117  7:22  Hydralisk x8  
  133  7:30  Hatchery  
  132  7:43  Overlord x2  
  132  7:44  Overlord x2  
  132  7:45  Drone x3  
  135  7:57  Spore Crawler  
  135  7:58  Spore Crawler x2  
  132  7:59  Spore Crawler  
  132  8:00  Drone  
  132  8:03  Infestation Pit  
  131  8:13  Overseer  
  131  8:14  Pneumatized Carapace  
  131  8:29  Extractor  
  131  8:33  Lurker x6, Extractor  
  131  8:34  Lurker x3  
  137  8:37  Drone  
  137  8:38  Drone x5  
  137  8:40  Drone x3  
  137  8:41  Drone x2  
  149  8:51  Zerg Missile Weapons Level 2  
  149  8:55  Spore Crawler x2  
  147  8:57  Spore Crawler  
  147  8:58  Spore Crawler  
  149  9:02  Lurker x3  
  149  9:03  Lurker  
  149  9:11  Spore Crawler  
  149  9:12  Spine Crawler  
  149  9:13  Spore Crawler  
  149  9:15  Spore Crawler  
  139  9:36  Mutalisk x9  
  139  9:37  Mutalisk  
  130  9:39  Zergling x2  
  130  9:40  Zergling x38  
  132  9:50  Mutalisk  
  132  9:51  Mutalisk  
  126  10:06  Zergling x12  
  125  10:12  Hatchery  
  122  10:15  Hydralisk x7  
  136  10:24  Hydralisk x3  
  136  10:34  Mutalisk  
  129  10:45  Lurker x2  
  131  10:50  Hatchery  
  131  10:55  Hive  
  128  11:05  Zergling x2  
  128  11:06  Zergling x16  
  128  11:07  Zerg Melee Weapons Level 1  
  137  11:22  Hydralisk x3  
  137  11:44  Overlord x2  
  137  11:45  Hydralisk x6  
  149  11:50  Lurker x3  
  149  11:53  Overlord x5  
  152  12:09  Viper x2  
  158  12:16  Drone  
  158  12:17  Drone x5  
  158  12:19  Extractor  
  158  12:20  Lurker x2  
  165  12:32  Lurker x2  
  150  13:04  Drone x6  
  150  13:05  Extractor x2  
  148  13:16  Drone x2  
  148  13:17  Drone x4  
  148  13:19  Hatchery, Lurker  
  154  13:20  Lurker  
  154  13:24  Lurker x2  
  154  13:25  Zerg Missile Weapons Level 3  
  154  13:26  Viper x2  
  162  14:03  Drone x8  
  169  14:10  Spore Crawler  
  169  14:11  Spore Crawler x3  
  169  14:12  Spore Crawler  
  169  14:13  Spore Crawler  
  169  14:14  Spore Crawler  
  169  14:16  Hydralisk x6  
  174  14:39  Spore Crawler x3  
  174  14:41  Hatchery, Spore Crawler x2  
  174  14:42  Spore Crawler x2  
  174  14:44  Spore Crawler  
  163  14:52  Queen x3  
  163  14:53  Queen  
  171  15:03  Viper  
  171  15:04  Viper x3  
  183  15:09  Lurker x2  
  183  15:10  Lurker x2  
  160  15:39  Hatchery  
  155  16:00  Hydralisk x11  
  171  16:16  Overlord x2  
  163  16:41  Zerg Ground Armor Level 1  
  142  17:03  Hydralisk Den  
  142  17:05  Viper x4  
  142  17:08  Queen x4  
  161  17:28  Spore Crawler x3  
  161  17:29  Spore Crawler  
  157  17:30  Spore Crawler  
  157  17:31  Spore Crawler  
  157  17:33  Spore Crawler  
  157  17:35  Drone x3  
  157  17:36  Drone x3  
  160  17:45  Spore Crawler, Extractor  
  160  17:46  Hatchery  
  160  17:48  Spore Crawler  
  160  17:49  Spore Crawler, Lurker Den  
  160  17:50  Spore Crawler  
  156  17:53  Extractor  
  156  17:58  Spore Crawler x2  
  151  17:59  Spore Crawler  
  151  18:01  Spore Crawler x2  
  121  18:16  Mutalisk x6  
  100  18:37  Hydralisk x4  
  90  19:21  Drone  
  90  19:22  Hatchery, Drone x5  
Tags
 
Add a new tag
Caveats
  • Supply blocks, unpowered buildings, or Contaminate may cause inaccurate times.
  • Supply counts are checked every 10 seconds.